 Dungeon Crawl Stone Soup version 0.27.1-1-g398f81649c (webtiles) character file.

Game seed: 15098974775957089577

77011 speeev33 the Warrior (level 15, -6/155 HPs)
             Began as a Hill Orc Fighter on Sept 5, 2021.
             Was a High Priest of Okawaru.
             Killed from afar by Nikola (46 damage)
             ... with an arc of chain lightning
             ... on level 1 of the Shoals.
             The game lasted 00:52:59 (24663 turns).

speeev33 the Warrior (Hill Orc Fighter)            Turns: 24663, Time: 00:52:59

Health: -6/155     AC: 30    Str: 29    XL:     15   Next: 55%
Magic:  15/22      EV:  9    Int: 11    God:    Okawaru [*****.]
Gold:   3241       SH: 22    Dex: 10    Spells: 14/14 levels left

rFire    + + .     SeeInvis .   a - +7 war axe "Muvuc" {speed, *Slow rPois rC+ Str+3}
rCold    + + .     Faith    .   U - +1 kite shield {AC+3}
rNeg     . . .     Spirit   .   O - +2 plate armour {Will+}
rPois    +         Reflect  +   Q - +2 helmet {Int+3}
rElec    +         Harm     .   d - +2 cloak
rCorr    +         Rampage  .   v - +0 pair of gloves
Will     ++...                  R - +2 pair of boots {Fly}
Stlth    ..........             e - amulet of reflection
HPRegen  0.35/turn              h - +4 ring of slaying
MPRegen  0.18/turn              u - ring of protection from fire

@: resistant, heroic, finesse-ful, flying
A: no striking features
a: Renounce Religion, Heroism, Finesse


You were on level 1 of the Shoals.
You worshipped Okawaru.
Okawaru was extremely pleased with you.
You visited 5 branches of the dungeon, and saw 21 of its levels.
You also visited: Bailey and Volcano.

You collected 4269 gold pieces.
You spent 1028 gold pieces at shops.

Inventory:

Hand Weapons
 a - the +7 war axe "Muvuc" (weapon) {speed, *Slow rPois rC+ Str+3}
   (Okawaru gifted it to you on level 1 of the Lair of Beasts)

   Attacks with this weapon are significantly faster.
   Str:       It affects your strength (+3).
   rC:        It protects you from cold.
   rPois:     It protects you from poison.
   *Slow:     It may slow you when you take damage.
 b - a +4 flail of draining
 c - the +4 war axe "Goblinbane" {speed, Dex+2}
   (You bought it in a shop on level 2 of the Orcish Mines)

   Attacks with this weapon are significantly faster.
   Dex:       It affects your dexterity (+2).
 S - a +1 demon blade of flaming
Missiles
 i - 6 atropa-tipped darts
 n - 5 boomerangs of dispersal (quivered)
Armour
 d - a +2 cloak (worn)
 v - a +0 pair of gloves (worn)
 M - a +0 helmet of intelligence
 O - a +2 plate armour of willpower (worn)
 Q - a +2 helmet of intelligence (worn)
 R - a +2 pair of boots of flying (worn)
 U - a +1 kite shield of protection (worn)
Jewellery
 e - an amulet of reflection (around neck)
 h - a +4 ring of slaying (left hand)
 r - a ring of protection from cold
 u - a ring of protection from fire (right hand)
 D - a +4 ring of protection
 F - a ring of positive energy
 H - a ring of magical power
 K - a ring of poison resistance
Wands
 j - a wand of flame (48)
 l - a wand of iceblast (10)
 E - a wand of polymorph (17)
 J - a wand of mindburst (8)
 L - a wand of charming (35)
 T - a wand of acid (9)
Scrolls
 p - 2 scrolls of fear
 s - 5 scrolls of identify
 x - 5 scrolls of amnesia
 y - 4 scrolls of fog
 z - 2 scrolls of holy word
 A - 11 scrolls of teleportation
 B - 3 scrolls of magic mapping
 C - a scroll of summoning
Potions
 f - 2 potions of invisibility
 g - 4 potions of flight
 k - 7 potions of mutation
 m - 4 potions of haste
 o - a potion of resistance
 q - 4 potions of brilliance
 t - 4 potions of lignification
 w - 2 potions of magic
 G - 4 potions of curing
 I - a potion of cancellation
 N - 2 potions of ambrosia {unknown}
 P - a potion of heal wounds


   Skills:
 + Level 20.1(25.1) Fighting
 - Level 16.0(21.0) Axes
 - Level 3.2(8.2) Armour
 - Level 15.0(20.0) Shields
 - Level 10.0 Invocations


You had 14 spell levels left.
You didn't know any spells.
Your spell library contained the following spells:

 Spells                   Type           Power      Damage    Failure   Level
 Animate Skeleton         Necr           0%         N/A       96%         1
 Apportation              Tloc           0%         N/A       96%         1
 Corona                   Hex            0%         N/A       96%         1
 Summon Small Mammal      Summ           0%         N/A       96%         1
 Blink                    Tloc           N/A        N/A       99%         2
 Slow                     Hex            0%         N/A       99%         2
 Static Discharge         Conj/Air       0%         N/A       99%         2
 Call Canine Familiar     Summ           0%         N/A       100%        3
 Confusing Touch          Hex            0%         N/A       100%        3
 Conjure Flame            Conj/Fire      0%         6-21      100%        3
 Gell's Gravitas          Tloc           0%         N/A       100%        3
 Ignite Poison            Fire/Tmut/Pois 0%         N/A       100%        3
 Inner Flame              Hex/Fire       0%         N/A       100%        3
 Lesser Beckoning         Tloc           0%         N/A       100%        3
 Ozocubu's Armour         Ice            0%         N/A       100%        3
 Portal Projectile        Hex/Tloc       0%         N/A       100%        3
 Stone Arrow              Conj/Erth      0%         3d7       100%        3
 Swiftness                Air            0%         N/A       100%        3
 Teleport Other           Tloc           0%         N/A       100%        3
 Dispel Undead            Necr           0%         3d6       100%        4
 Leda's Liquefaction      Hex/Erth       0%         N/A       100%        4
 Sticky Flame             Conj/Fire      0%         2d3       100%        4
 Bolt of Magma            Conj/Fire/Erth 0%         4d4       100%        5
 Fireball                 Conj/Fire      0%         3d3       100%        5
 Iskenderun's Battlesphe  Conj           0%         2d6       100%        5
 Manifold Assault         Tloc           0%         N/A       100%        5
 Metabolic Englaciation   Hex/Ice        0%         N/A       100%        5
 Yara's Violent Unravell  Hex/Tmut       0%         3d3       100%        5
 Dispersal                Tloc           0%         N/A       100%        6
 Iron Shot                Conj/Erth      0%         9d1       100%        6
 Simulacrum               Ice/Necr       0%         N/A       100%        6
 Spellforged Servitor     Conj/Summ      0%         N/A       100%        7
 Shatter                  Erth           0%         3d5*      100%        9


Dungeon Overview and Level Annotations

Branches:
Dungeon (11/15)            Temple (1/1) D:7            Lair (6/6) D:11
 Shoals (1/4) Lair:3       Spider (0/4) Lair:3        Slime (0/5) Lair:6
    Orc (2/2) D:11            Elf (0/3) Orc:2        Bailey (visited)
Volcano (visited)

Altars:
Ashenzari
Cheibriados
Dithmenos
Elyvilon
Fedhas
Gozag
Hepliaklqana
Kikubaaqudgha
Makhleb
Nemelex Xobeh
Okawaru
Qazlal
Ru
Sif Muna
Trog
Uskayaw
Vehumet
Wu Jian
Xom
Yredelemnul
Zin
The Shining One
Beogh
Jiyva

Shops:
D:2 (*   D:4 *   Orc:2 *([=

Portals:
Trove: D:10 (give +6 demon blade)

Annotations:
D:11 1 runed translucent door
Shoals:1 Nikola


Message History

Nikola is moderately wounded.
You hit the harpy but do no damage. You block the harpy's attack.
The harpy claws you but does no damage.
Nikola gestures wildly while chanting.
Lightning arcs from Nikola's hands!
The bolt of lightning hits the harpy!!!!
The harpy dies!
A bolt of lightning appears from out of thin air!
The bolt of lightning hits the harpy!!
The bolt of lightning hits Nikola!
The bolt of lightning hits you!!! You resist.
* * * LOW HITPOINT WARNING * * *
You hear a shout! x3
You barely miss Nikola.
Nikola is heavily wounded.
You hit the harpy. The harpy claws you but does no damage.
You block the harpy's attack.
You gain the combat prowess of a mighty hero.
The harpy screeches!
You block the harpy's attack. x2; Nikola splashes around in the water.
You slash Nikola!
Nikola is heavily wounded.
You block Nikola's attack. You block the harpy's attack. x2
You can now deal lightning-fast blows.
The harpy screeches!
The harpy barely misses you. x2; You block Nikola's attack.
You open Nikola like a pillowcase!!!
Nikola is severely wounded.
You slash Nikola!
Nikola is severely wounded.
You barely miss the harpy. You closely miss Nikola.
Nikola is severely wounded.
You slice the harpy!!
You kill the harpy!
Okawaru accepts your kill.
A merfolk comes into view. It is wielding a +0 trident.
Nikola gestures wildly while chanting.
Lightning arcs from Nikola's hands!
The bolt of lightning hits you!!! You resist.
You die...

≈≈≈≈≈≈≈
≈≈≈≈≈.≈≈≈≈≈≈≈≈≈≈≈$≈≈≈≈≈.
≈≈..≈≈≈≈)≈....≈≈≈≈≈≈≈≈≈..
..≈≈≈≈≈..........≈≈≈≈....
....≈≈≈#.≈##......≈≈....
.##≈≈≈....##......≈≈≈.#
...≈≈≈≈≈≈.........$≈≈#
.≈≈≈≈≈≈≈≈≈≈≈≈≈≈....≈#
≈≈≈≈≈≈≈≈≈≈≈≈≈≈≈@@...#
≈≈≈≈≈≈≈........†††..#
≈≈≈≈.......(........#
≈≈......≈≈≈.........#
≈≈≈≈≈..≈≈≈≈≈$.......#
..≈≈...≈≈≈≈≈###.≈..≈m≈.
...≈...≈≈≈≈.# ##..≈≈≈≈≈.
..≈....≈≈≈≈.# ##.≈≈≈≈≈.
.....#.≈≈≈≈≈# #.≈≈≈≈≈.


You could see Nikola and a merfolk.

Vanquished Creatures
  2 orc warlords
  An ettin (Orc:1)
  Josephine (D:10)
  A fire dragon (Lair:2)
  6 hydras
  A boulder beetle (Lair:1)
  A centaur warrior (D:10)
  2 catoblepae
  A deep troll shaman (Lair:6)
  5 two-headed ogres
  12 death yaks
  Urug (Lair:2)
  An orc high priest (Orc:2)
  Sonja (Orc:1)
  3 harpies (Shoals:1)
  A wizard (D:10)
  5 orc knights
  2 cyclopes
  3 orc sorcerers
  2 fauns (Shoals:1)
  3 oklob plants
  A manticore (Shoals:1)
  6 elephants
  6 black mambas
  A torpor snail (Lair:3)
  A gargoyle (D:7)
  A smoke demon (Volcano)
  2 water nymphs (Shoals:1)
  2 merfolk sirens (Shoals:1)
  12 cane toads
  Psyche (D:10)
  Maggie (D:8)
  2 unseen horrors
  A tengu conjurer (D:10)
  A rime drake (Lair:3)
  8 komodo dragons
  2 guardian mummies (D:10)
  A red devil (Volcano)
  5 jumping spiders (Lair:3)
  7 trolls
  A wind drake (Shoals:1)
  4 merfolk (Shoals:1)
  13 blink frogs
  2 polar bears
  A dream sheep (Lair:3)
  2 snapping turtles (Shoals:1)
  2 meliai zombies (D:10)
  2 redbacks (Lair:3)
  2 water elementals (Shoals:1)
  5 large abominations (D:10)
  4 wyverns
  46 yaks
  8 fire bats (Volcano)
  A shadow (D:11)
  2 basilisks
  5 wraiths (D:10)
  Grum (D:8)
  3 wargs
  2 steam dragons
  2 acid dragons
  12 water moccasins
  2 hell hounds (Volcano)
  31 orc warriors
  7 small abominations (D:10)
  An ice beast (D:6)
  6 black bears
  A necrophage (D:4)
  14 wolves
  5 centaurs
  6 ogres
  5 kobold brigands
  7 bullfrogs
  Blork the orc (Orc:2)
  3 gnoll sergeants
  A wyvern zombie (D:7)
  2 scorpions (D:6)
  2 water moccasin skeletons
  5 killer bees (D:9)
  14 wights
  6 howler monkeys
  2 electric eels (Lair:3)
  7 lava snakes (Volcano)
  2 centaur zombies
  2 hounds (D:5)
  A jelly (D:6)
  Crazy Yiuf (D:3)
  13 orc priests
  2 gnoll shamans
  Ijyb (D:4)
  5 iguanas
  18 orc wizards
  2 killer bee zombies
  A mummy (D:6)
  14 gnolls
  6 adders
  A white imp (D:7)
  An ufetubus (D:6)
  An adder skeleton (D:4)
  2 worms
  6 dart slugs
  72 orcs
  7 ball pythons
  4 endoplasms
  2 giant cockroaches (D:2)
  11 goblins
  16 hobgoblins
  7 jackals
  32 kobolds
  2 quokkas
  5 bats
  2 frilled lizards (D:1)
  2 hobgoblin zombies (D:6)
  2 kobold zombies (D:6)
  25 rats
632 creatures vanquished.

Vanquished Creatures (others)
  A harpy (Shoals:1)
  A kobold brigand (D:11)
  An orc wizard (Orc:2)
  14 fungi
  34 plants
51 creatures vanquished.

Grand Total: 683 creatures vanquished

Notes
Turn   | Place    | Note
-------+----------+-------------------------------------------
     0 | D:1      | speeev33 the Hill Orc Fighter began the quest for the Orb.
     0 | D:1      | Reached XP level 1. HP: 19/19 MP: 1/1
   207 | D:1      | Reached XP level 2. HP: 27/27 MP: 2/2
   623 | D:1      | Reached skill level 4 in Fighting
  1077 | D:2      | Reached XP level 3. HP: 24/33 MP: 3/3
  1214 | D:2      | Found a faded altar of an unknown god.
  1266 | D:2      | Found Juikual's Antique Weapon Boutique.
  1684 | D:2      | Found Keb Pimn's General Store.
  2007 | D:3      | Reached XP level 4. HP: 36/41 MP: 4/4
  2517 | D:3      | Reached XP level 5. HP: 46/47 MP: 5/5
  2594 | D:3      | Found a runed translucent door.
  2595 | D:3      | Noticed Crazy Yiuf
  3142 | D:3      | Killed Crazy Yiuf
  3143 | D:3      | Reached skill level 5 in Fighting
  3548 | D:4      | Noticed a necrophage
  3554 | D:4      | Killed a necrophage
  3555 | D:4      | Reached skill level 5 in Axes
  3555 | D:4      | Reached skill level 5 in Shields
  3555 | D:4      | Reached XP level 6. HP: 56/56 MP: 6/6
  3639 | D:4      | Found Rotesm's Neck Hole.
  3642 | D:4      | Noticed a steam dragon
  3646 | D:4      | Killed a steam dragon
  3647 | D:4      | Reached skill level 6 in Fighting
  3647 | D:4      | Reached XP level 7. HP: 57/63 MP: 7/7
  3819 | D:4      | Noticed Ijyb
  3824 | D:4      | Killed Ijyb
  4124 | D:5      | Entered Level 5 of the Dungeon
  4966 | D:6      | Reached skill level 7 in Fighting
  4975 | D:6      | Reached XP level 8. HP: 49/73 MP: 8/8
  5637 | D:6      | Found a hide-covered altar of Uskayaw.
  5640 | D:6      | Found an ornate altar of the Wu Jian Council.
  5775 | D:7      | Reached skill level 8 in Fighting
  5947 | D:7      | Reached XP level 9. HP: 27/82 MP: 9/9
  6110 | D:7      | Found a staircase to the Ecumenical Temple.
  6124 | Temple   | Entered the Ecumenical Temple
  6131 | Temple   | Became a worshipper of Warmaster Okawaru
  6727 | D:7      | Noticed a gargoyle
  6747 | D:7      | Killed a gargoyle
  6748 | D:7      | Reached skill level 9 in Fighting
  7134 | D:8      | Noticed a two-headed ogre
  7146 | D:8      | Killed a two-headed ogre
  7147 | D:8      | Reached skill level 10 in Axes
  7597 | D:8      | Reached * piety under Okawaru
  7598 | D:8      | Reached skill level 10 in Fighting
  7604 | D:8      | Reached XP level 10. HP: 57/93 MP: 10/10
  7772 | D:8      | Noticed Grum
  7785 | D:8      | Killed Grum
  8300 | D:8      | Noticed Maggie
  8313 | D:8      | Killed Maggie
  8528 | D:8      | Reached ** piety under Okawaru
  8688 | D:9      | Reached skill level 10 in Shields
  8893 | D:10     | Entered Level 10 of the Dungeon
  8911 | D:10     | Noticed a two-headed ogre
  8917 | D:10     | Killed a two-headed ogre
  8917 | D:10     | Reached *** piety under Okawaru
  8918 | D:10     | Reached skill level 11 in Fighting
  8959 | D:9      | Found a flagged portal.
  8972 | Bailey   | Entered a bailey
  8980 | Bailey   | Noticed an orc warlord
  9016 | Bailey   | Noticed an orc knight
  9038 | Bailey   | Killed an orc knight
  9208 | Bailey   | Found a runed translucent gate.
  9210 | Bailey   | Found a runed translucent gate.
  9212 | Bailey   | Found a runed translucent gate.
  9334 | Bailey   | Killed an orc warlord
  9334 | Bailey   | Received a gift from Okawaru
  9334 | Bailey   | Reached **** piety under Okawaru
  9335 | Bailey   | Reached XP level 11. HP: 104/104 MP: 8/11
  9475 | D:9      | Acquired 813 gold pieces
  9476 | D:9      | Acquired 770 gold pieces
  9631 | D:9      | Reached skill level 12 in Fighting
  9909 | D:2      | Bought a scroll of acquirement for 520 gold pieces
  9909 | D:2      | Acquired a +0 broad axe of electrocution
 10078 | D:10     | Found a portal to a secret trove of treasure.
 10499 | D:10     | Noticed Psyche
 10500 | D:10     | Found a bloodstained altar of Trog.
 10506 | D:10     | Killed Psyche
 10581 | D:10     | Found a glowing silver altar of Zin.
 11006 | D:10     | Noticed a two-headed ogre
 11098 | D:10     | Killed a two-headed ogre
 11098 | D:10     | Reached ***** piety under Okawaru
 11278 | D:10     | Noticed a cyclops
 11289 | D:10     | Killed a cyclops
 11535 | D:10     | Noticed a centaur warrior
 11546 | D:10     | Killed a centaur warrior
 11546 | D:10     | Received a gift from Okawaru
 11667 | D:10     | Noticed a wizard
 11670 | D:10     | Killed a wizard
 11678 | D:10     | Reached skill level 13 in Fighting
 11691 | D:10     | Reached XP level 12. HP: 99/115 MP: 12/12
 11883 | D:10     | Got the Compendium of Igneous Flight
 11884 | D:10     | Identified the amulet "Asaquq" {+Inv Regen+}
 12157 | D:11     | Found a staircase to the Lair.
 12424 | D:11     | Noticed a two-headed ogre
 12434 | D:11     | Killed a two-headed ogre
 12545 | D:11     | Found a runed translucent door.
 12545 | D:11     | Noticed a vampire knight
 12545 | D:11     | Noticed a yaktaur captain
 12546 | D:11     | Noticed a tengu reaver
 12547 | D:11     | Noticed a deep troll earth mage
 12547 | D:11     | Noticed a fire dragon
 12560 | D:11     | Noticed a shock serpent
 12560 | D:11     | a lindwurm changed into a shock serpent
 12828 | D:11     | Found a staircase to the Orcish Mines.
 13739 | Lair:1   | Entered Level 1 of the Lair of Beasts
 13748 | Lair:1   | Reached skill level 14 in Fighting
 13926 | Lair:1   | Reached skill level 15 in Axes
 13968 | Lair:1   | Identified the +7 war axe "Muvuc" {speed, *Slow rPois rC+
                  | Str+3} (Okawaru gifted it to you on level 1 of the Lair of
                  | Beasts)
 13968 | Lair:1   | Received a gift from Okawaru
 14180 | D:10     | Noticed Josephine
 14186 | D:10     | Killed Josephine
 14285 | Lair:1   | Reached XP level 13. HP: 124/125 MP: 13/13
 15299 | Lair:2   | Noticed a fire dragon
 15313 | Lair:2   | Killed a fire dragon
 15313 | Lair:2   | Received a gift from Okawaru
 15314 | Lair:2   | Reached skill level 15 in Fighting
 15818 | Lair:2   | Reached skill level 1 in Invocations
 15999 | Lair:2   | Noticed Urug
 16008 | Lair:2   | Killed Urug
 16231 | Lair:2   | Found the +2 Maxwell's thermic engine {flame, freeze}
 16529 | Lair:3   | Got Easy Thaumaturgy
 16547 | Lair:3   | Acquired 534 gold pieces
 16628 | Lair:3   | Found a staircase to the Shoals.
 16862 | Lair:3   | Reached ****** piety under Okawaru
 16929 | Lair:3   | Found a hole to the Spider Nest.
 17104 | Lair:3   | Identified the +2 broad axe of Ascent {freeze, Will+}
                  | (Okawaru gifted it to you on level 3 of the Lair of Beasts)
 17104 | Lair:3   | Received a gift from Okawaru
 17251 | Lair:3   | Reached skill level 16 in Fighting
 17251 | Lair:3   | Reached skill level 5 in Invocations
 17263 | Lair:3   | Reached XP level 14. HP: 67/137 MP: 16/18
 17531 | Lair:3   | Reached skill level 15 in Shields
 18000 | Lair:4   | You fall into a shaft and drop 1 floor!
 18430 | Lair:4   | Received a gift from Okawaru
 19876 | Lair:6   | Entered Level 6 of the Lair of Beasts
 20097 | Lair:6   | Found a dark tunnel.
 20102 | Volcano  | Entered a volcano
 20230 | Volcano  | Reached skill level 17 in Fighting
 20291 | Volcano  | Found a radiant altar of Vehumet.
 20536 | Lair:6   | Found a viscous altar of Jiyva.
 20537 | Lair:6   | Found a staircase to the Slime Pits.
 21196 | Lair:6   | Reached skill level 10 in Invocations
 21362 | Lair:6   | Received a gift from Okawaru
 21365 | Lair:6   | Reached skill level 18 in Fighting
 21562 | Lair:6   | Reached XP level 15. HP: 150/150 MP: 22/22
 22042 | Orc:1    | Entered Level 1 of the Orcish Mines
 22209 | Orc:2    | Entered Level 2 of the Orcish Mines
 22236 | Orc:2    | Noticed Sonja
 22333 | Orc:1    | Killed Sonja
 22333 | Orc:1    | Received a gift from Okawaru
 22341 | Orc:1    | Reached skill level 19 in Fighting
 22826 | Orc:2    | Noticed an orc warlord
 22828 | Orc:2    | Noticed Blork the orc
 23010 | Orc:2    | Killed Blork the orc
 23030 | Orc:2    | Killed an orc warlord
 23030 | Orc:2    | Received a gift from Okawaru
 23075 | Orc:2    | Found a staircase to the Elven Halls.
 23077 | Orc:2    | Found a roughly hewn altar of Beogh.
 23081 | Orc:2    | Found Puan's Antique Armour Emporium.
 23091 | Orc:2    | Found Niechush's Jewellery Emporium.
 23459 | Orc:2    | Found Yceimang's General Store.
 23587 | Orc:2    | Found Foompau's Antique Weapon Emporium.
 23604 | Orc:2    | Bought a translucent war axe for 238 gold pieces
 23604 | Orc:2    | Identified the +4 war axe "Goblinbane" {speed, Dex+2} (You
                  | bought it in a shop on level 2 of the Orcish Mines)
 23630 | Orc:2    | Bought a glowing helmet for 270 gold pieces
 24189 | Shoals:1 | Entered Level 1 of the Shoals
 24522 | Shoals:1 | Reached skill level 20 in Fighting
 24642 | Shoals:1 | Noticed Nikola
 24663 | Shoals:1 | Killed from afar by Nikola

Illustrated notes

Levels and vault maps discovered:
D:1:      onia_arrival_mini_maze_b, layout_loops_corners, grunt_decor_junction,
          minmay_pentomino_z2
D:2:      layout_basic, basic_ecumenical_altar, serial_shops, shop,
          nicolae_shop_overgrown_old_shop, roderic_filled_cross,
          kennysheep_generic_room_9
D:3:      layout_loops_ring, minmay_rat_hole, uniq_crazy_yiuf_cottage
D:4:      corexii_shack_village, layout_loops_ring,
          nicolae_shop_sticking_my_neck_out, uniq_ijyb
D:5:      layout_basic, hangedman_abyss_or_decor_slice, kennysheep_nub
D:6:      layout_gridville, grunt_temple_overflow_open, minmay_mini_ossuary
D:7:      layout_basic, minmay_temple_entry_proselytizer
D:8:      layout_rooms, uniq_maggie, uniq_grum
D:9:      layout_basic, enter_bailey_4
D:10:     minmay_slanted_spiral_squares, layout_long_grid,
          mainiacjoe_overflow_catch_the_wave, nicolae_trove_entry_path_of_doom,
          laboratory, uniq_psyche, uniq_josephine
D:11:     minmay_gate_of_8, layout_cave_pools, dpeg_oklobed_lair,
          kennysheep_orc_monster_closet_entryway
Temple:   nicolae_temple_no_exploring_needed
Lair:1:   layout_regular_city, nzn_sisyphean_effort
Lair:2:   dragon1_lemuel, layout_regular_city, beast_lair_carwin_9,
          lemuel_fruit_tree, uniq_urug
Lair:3:   nzn_winding_woodlands_medium [nzn_winding_woodlands_5x5_closed_star,
          nzn_winding_woodlands_5x15_lazy_stream,
          nzn_winding_woodlands_5x5_open_star, nzn_winding_woodlands_5x5_cross,
          nzn_winding_woodlands_center_triple_pond,
          nzn_winding_woodlands_5x5_checkerboard,
          nzn_winding_woodlands_5x5_perimeter,
          nzn_winding_woodlands_5x15_longhouse,
          nzn_winding_woodlands_5x5_three], layout_hall_layers,
          shoals_dummy_entry, nicolae_spider_entry_tight_spaces,
          chequers_serial_rivers_large_b, st_stairs_3, minivault_23,
          serial_bayou_pond_a
Lair:4:   layout_loops_ring, serial_bayou_shore_b, serial_bayou_shore_b
Lair:5:   layout_small_grid, minmay_lair_oklob_items
Lair:6:   grunt_lair_end_beastmaster, layout_cave_pods,
          dpeg_slime_entry_enclosed_altar, enter_volcano_1
Shoals:1: layout_shoals, nicolae_shoals_loop_pool, uniq_nikola, uniq_donald,
          uniq_frances
Orc:1:    layout_caves
Orc:2:    grunt_orc_cross, layout_caves, uniq_sonja

Skill      XL: |  1  2  3  4  5  6  7  8  9 10 11 12 13 14 15 |
---------------+----------------------------------------------+-----
Axes           | 3 4 5 7 8 10 12 13 15 16 | 16.0
Fighting       | 4 5 6 7 8 10 11 13 14 16 18 20 | 20.1
Shields        | 4 5 6 7 9 11 12 13 14 15 | 15.0
Invocations    | 5 10 | 10.0
Armour         | |  3.2

Action                   |  1- 3 |  4- 6 |  7- 9 | 10-12 | 13-15 || total
-------------------------+-------+-------+-------+-------+-------++-------
Melee: War axe           |    88 |   131 |   224 |   228 |   777 ||  1448
       Broad axe         |       |       |       |   274 |       ||   274
       Flail             |       |       |       |       |    43 ||    43
Invok: Heroism           |       |       |       |     6 |     6 ||    12
       Finesse           |       |       |       |       |     4 ||     4
Evoke: Wand              |       |       |       |     4 |     1 ||     5
  Use: Scroll            |     4 |     5 |    12 |    11 |     7 ||    39
       Potion            |       |     1 |       |     4 |     2 ||     7
 Stab: Petrified         |       |       |       |       |    13 ||    13
       Petrifying        |       |       |       |       |     2 ||     2
Armor: Scale mail        |    21 |    50 |    25 |       |       ||    96
       Chain mail        |       |       |    48 |    29 |       ||    77
       Plate armour      |       |       |       |   102 |   268 ||   370
Dodge: Dodged            |    19 |    33 |    49 |    61 |   115 ||   277
Block: Kite shield       |    57 |    86 |   139 |   418 |   544 ||  1244
       Reflection        |       |       |       |    39 |    23 ||    62
